 Dungeon Crawl Stone Soup version 0.27.1-1-g398f81649c (webtiles) character file.

Game seed: 6602530546063797707

114 pokedragonboy the Grave Robber (level 4, 0/24 HPs)
             Began as a Deep Elf Necromancer on Sept 11, 2021.
             Slain by an orc (3 damage)
             ... on level 3 of the Dungeon.
             The game lasted 00:13:05 (3107 turns).

pokedragonboy the Grave Robber (DENe)               Turns: 3107, Time: 00:13:06

Health: 0/24       AC:  2    Str:  5    XL:     4   Next: 67%
Magic:  8/12       EV: 12    Int: 21    God:
Gold:   25         SH:  0    Dex: 15    Spells: 9/11 levels left

rFire    . . .     SeeInvis .   d - +1 dagger (venom)
rCold    . . .     Faith    .   (no shield)
rNeg     . . .     Spirit   .   a - +0 robe
rPois    .         Reflect  .   (no helmet)
rElec    .         Harm     .   (no cloak)
rCorr    .         Rampage  .   (no gloves)
Will     .....                  (no boots)
Stlth    ++........             n - amulet of magic regeneration
HPRegen  0.08/turn              (no ring)
MPRegen  0.38/turn              (no ring)

@: no status effects
A: no striking features
a: no special abilities


You were on level 3 of the Dungeon.
You visited 1 branch of the dungeon, and saw 3 of its levels.

You collected 25 gold pieces.

Inventory:

Hand Weapons
 d - a +1 dagger of venom (weapon)
 k - a +0 dagger of freezing
Armour
 a - a +0 robe (worn)
Magical Staves
 l - a staff of conjuration
Jewellery
 i - a ring of ice
 n - an amulet of magic regeneration (around neck)
Scrolls
 b - a scroll of holy word {unknown}
 c - a scroll of teleportation {unknown}
 f - 3 scrolls of identify
 m - 2 scrolls of magic mapping {unknown}
Potions
 e - a potion of might
 g - a potion of lignification {unknown}
 h - a potion of curing {unknown}
 j - a potion of degeneration {unknown}


   Skills:
 - Level 0.1 Fighting
 - Level 2.4 Dodging
 + Level 2.8 Stealth
 + Level 4.3 Spellcasting
 * Level 6.5 Necromancy


You had 9 spell levels left.
You knew the following spells:

 Your Spells              Type           Power      Damage    Failure   Level
a - Pain                  Necr           100%       1d9       1%          1
b - Animate Skeleton      Necr           64%        N/A       1%          1

Your spell library contained the following spells:

 Spells                   Type           Power      Damage    Failure   Level
 Vampiric Draining        Necr           16%        2d8       2%          3
 Animate Dead             Necr           16%        N/A       8%          4
 Agony                    Necr           32%        N/A       22%         5
 Excruciating Wounds      Necr           16%        N/A       22%         5


Dungeon Overview and Level Annotations

Branches:
Dungeon (3/15)

Altars:


Message History

Confirm with . or Enter, or press ? or * to list all spells.
Aiming: Pain (safe; 1% risk of failure)
Press: ? - help, Shift-Dir - straight line, f/p - orc priest
Aim: an orc priest, wielding a +0 flail (heavily wounded, chance to affect: 84%)
The orc priest writhes in agony.
Casting: Pain (safe; 1% risk of failure)
Confirm with . or Enter, or press ? or * to list all spells.
Aiming: Pain (safe; 1% risk of failure)
Press: ? - help, Shift-Dir - straight line, f/p - orc priest
Aim: an orc priest, wielding a +0 flail (severely wounded, chance to affect: 84%)
The orc priest writhes in agony.
You kill the orc priest!
Casting: Pain (safe; 1% risk of failure)
Confirm with . or Enter, or press ? or * to list all spells.
Aiming: Pain (safe; 1% risk of failure)
Press: ? - help, Shift-Dir - straight line, f - orc
Aim: an orc, wielding a +0 mace (chance to affect: 93%)
The orc barely resists.
The orc hits you with a +0 mace.
Casting: Pain (safe; 1% risk of failure)
Confirm with . or Enter, or press ? or * to list all spells.
Aiming: Pain (safe; 1% risk of failure)
Press: ? - help, Shift-Dir - straight line, f/p - orc
Aim: an orc, wielding a +0 mace (chance to affect: 93%)
The orc writhes in agony.
The orc hits you with a +0 mace!
* * * LOW HITPOINT WARNING * * *
Casting: Pain (safe; 1% risk of failure)
Confirm with . or Enter, or press ? or * to list all spells.
Aiming: Pain (safe; 1% risk of failure)
Press: ? - help, Shift-Dir - straight line, f/p - orc
Aim: an orc, wielding a +0 mace (moderately wounded, chance to affect: 93%)
The orc writhes in agony.
You kill the orc!
Casting: Pain (safe; 1% risk of failure)
Confirm with . or Enter, or press ? or * to list all spells.
Aiming: Pain (safe; 1% risk of failure)
Press: ? - help, Shift-Dir - straight line, f - orc
Aim: an orc, wielding a +0 club (chance to affect: 93%)
The orc writhes in agony.
The orc hits you with a +0 club.
You die...

............(..#.#...#.#..
############.>.#.........# ...
#...##....#...# #.#
#.......(.....# #.#
#...#.........#
#.#.####..##>#######.#
#.#...........<.......
#########.######.....#######.#
.............o@.......#
......)#.####.#.#...#.######.#
.......#.# #.......#........#
....####.# #######.##########
... #.. ............# .. ###
#######.###.# # ...# #.#
########.## ..#......#


You could see an orc.

Vanquished Creatures
  An orc priest (D:3)
  2 adders
  2 worms
  A dart slug (D:2)
  An orc (D:3)
  5 bats
  3 endoplasms
  A giant cockroach (D:1)
  3 goblins
  3 hobgoblins
  8 jackals
  3 quokkas (D:1)
  4 ball pythons
  3 frilled lizards
  6 kobolds
  4 rats
50 creatures vanquished.

Vanquished Creatures (collateral kills)
  An adder (D:3)
  An orc (D:3)
  2 hobgoblins
4 creatures vanquished.

Grand Total: 54 creatures vanquished

Notes
Turn   | Place    | Note
-------+----------+-------------------------------------------
     0 | D:1      | pokedragonboy the Deep Elf Necromancer began the quest for
                  | the Orb.
     0 | D:1      | Reached XP level 1. HP: 10/10 MP: 6/6
     2 | D:1      | Learned a level 1 spell: Animate Skeleton
   112 | D:1      | Reached skill level 5 in Necromancy
   279 | D:1      | Reached XP level 2. HP: 8/15 MP: 1/8
  1272 | D:2      | Reached XP level 3. HP: 14/19 MP: 5/10
  1891 | D:2      | Reached skill level 6 in Necromancy
  2479 | D:2      | Found a faded altar of an unknown god.
  2885 | D:3      | Reached XP level 4. HP: 21/24 MP: 10/12
  2942 | D:3      | Noticed an ogre
  3107 | D:3      | Slain by an orc

Illustrated notes

Levels and vault maps discovered:
D:1:      wander_arrival_peaceful_grave, layout_basic, grunt_decor_fettered,
          minmay_misc_feat_cross, minmay_pentomino_z4
D:2:      layout_loops_ring, dilly_ecumenical_altar_fadedgnrine,
          hangedman_decor_riveting, corexii_hall_statues_x
D:3:      layout_basic, grunt_ministairs_1, roderic_lattice_a

Skill      XL: |  1  2  3 |
---------------+----------+-----
Necromancy     | 5 6 |  6.5
Spellcasting   | 4 |  4.3
Fighting       | |  0.1
Dodging        | |  2.4
Stealth        | |  2.8

Action                   |  1- 3 |  4- 6 || total
-------------------------+-------+-------++-------
Melee: Dagger            |     5 |       ||     5
 Cast: Pain              |    70 |    13 ||    83
       Animate Skeleton  |    19 |     3 ||    22
  Use: Scroll            |     1 |       ||     1
Armor: Robe              |     4 |       ||     4
Dodge: Dodged            |    14 |     1 ||    15
